 Dungeon Crawl Stone Soup version 0.32-a0-484-g2eb335deba (webtiles) character file.

Game seed: 4918944645101659096

70 mopl the Apothecary (level 4, -1/27 HPs)
             Began as an Octopode Alchemist on Feb 26, 2024.
             Succumbed to an adder's poison
             ... on level 3 of the Dungeon.
             The game lasted 00:01:49 (1557 turns).

mopl the Apothecary (Octopode Alchemist)            Turns: 1557, Time: 00:01:49

Health: -1/27      AC:  1    Str:  7    XL:     4   Next: 22%
Magic:  2/8        EV: 13    Int: 19    God:
Gold:   55         SH:  0    Dex: 12    Spells: 7/8 levels left

rFire   . . .        (no weapon)
rCold   . . .        (no shield)
rNeg    . . .        (helmet restricted)
rPois   .            (no amulet)
rElec   .            (no ring)
rCorr   .            (no ring)
SInv    .            (no ring)
Will    .....        (no ring)
Stlth   +++          (no ring)
HPRegen 0.24/turn    (no ring)
MPRegen 0.11/turn    (no ring)
                     (no ring)

%: no passive effects
@: lethally poisoned (-1 -> -6), very slightly contaminated
A: almost no armour, amphibious, 8 rings, camouflage 1, gelatinous body 1,
(nimble swimmer 1), tentacles
a: no special abilities


You were on level 3 of the Dungeon.
You visited 1 branch of the dungeon, and saw 3 of its levels.

You collected 55 gold pieces.

Inventory:

Hand Weapons
 j - the +10 mace "Ruraptav" {antimagic, rF+ rCorr}
   (You found it on level 2 of the Dungeon)

   rF+:       It protects you from fire.
   rCorr:     It protects you from acid and corrosion.
Jewellery
 c - a ring of ice
Scrolls
 g - a scroll of teleportation {unknown}
 k - a scroll of fear {unknown}
 l - a scroll of amnesia {unknown}
 m - a scroll of identify {unknown}
Potions
 a - a potion of magic
 b - 2 potions of curing {unknown}
 d - 2 potions of enlightenment {unknown}
 e - a potion of lignification {unknown}
 f - a potion of brilliance {unknown}
 h - a potion of degeneration {unknown}
 i - a potion of heal wounds {unknown}
 n - a potion of ambrosia {unknown}


   Skills:
 - Level 2.0 Dodging
 - Level 2.6 Stealth
 + Level 2.8 Spellcasting
 + Level 2.3 Conjurations
 + Level 4.1 Alchemy


You had 7 spell levels left.
You knew the following spells:

 Your Spells              Type           Power      Damage    Failure   Level
a - Sting                 Conj/Alch      56%        1d6       4%          1

Your spell library contained the following spells:

 Spells                   Type           Power      Damage    Failure   Level
 Mercury Vapours          Alch/Air       20%        N/A       10%         2
 Mephitic Cloud           Conj/Alch/Air  10%        N/A       19%         3
 Olgreb's Toxic Radiance  Alch           18%        N/A       28%         4
 Sticky Flame             Fire/Alch      10%        2d5       54%         4


Dungeon Overview and Level Annotations

Branches:
Dungeon (3/15)

Altars:

Shops:
D:2 =


Innate Abilities, Weirdness & Mutations

You cannot wear most types of armour.
You are amphibious.
You can wear up to eight rings at the same time.
Your skin changes colour to match your surroundings (Stealth+).
Your rubbery body absorbs attacks. (AC +1, EV +1)
((You are camouflaged when in or above water. (Stealth+)))
You have tentacles for arms and can constrict up to eight enemies at once.


Message History

The sting misses the adder.
The adder barely misses you. The adder bites you.
The sting hits the adder.
The adder looks even sicker.
The adder is almost dead.
The adder closely misses you. The adder barely misses you.
The sting hits the adder.
The adder looks even sicker.
You kill the adder!
The adder bites you. The adder closely misses you.
Unknown command.
The adder bites you.
You are poisoned.
The adder poisons you!
You feel sick.
You barely miss the adder. Your grab misses the adder. You squeeze the adder.
The adder is moderately wounded.
You feel sick. The adder bites you.
* * * LOW HITPOINT WARNING * * *
You are lethally poisoned!
The adder poisons you! The adder bites you but does no damage.
You tentacle-slap the adder but do no damage.
You grab the adder.
The adder is moderately wounded.
You constrict the adder.
* * * LOW HITPOINT WARNING * * *
You feel sick. The adder barely misses you.
You barely miss the adder.
The adder is heavily wounded.
You constrict the adder.
* * * LOW HITPOINT WARNING * * *
You feel sick. The adder bites you.
* * * LOW HITPOINT WARNING * * *
You tentacle-slap the adder but do no damage.
The adder is heavily wounded.
You constrict the adder.
* * * LOW HITPOINT WARNING * * *
You feel sick. The adder misses you.
Unknown command.
You barely miss the adder.
The adder is severely wounded.
You constrict the adder.
You die...

#. ....##
.#.##....
........
##.....##
#.......
#......#
#.....<#
#..##..#
#...@S.#
#.###....#
###?...#
#.....
.#.#. .#.#
#


You could see an adder.

Vanquished Creatures
  3 adders
  A ribbon worm (D:2)
  5 bats
  3 endoplasms
  A giant cockroach (D:1)
  3 goblins
  5 hobgoblins
  2 jackals (D:2)
  3 quokkas (D:1)
  2 ball pythons (D:2)
  2 frilled lizards (D:1)
  2 kobolds
  10 rats
42 creatures vanquished.

Notes
Turn   | Place    | Note
-------+----------+-------------------------------------------
     0 | D:1      | mopl the Octopode Alchemist began the quest for the Orb.
     0 | D:1      | Reached XP level 1. HP: 11/11 MP: 3/3
   240 | D:1      | Reached XP level 2. HP: 11/17 MP: 1/5
   928 | D:2      | Reached XP level 3. HP: 7/21 MP: 1/6
   934 | D:2      | Identified the +10 mace "Ruraptav" {antimagic, rF+ rCorr}
  1044 | D:2      | Reached skill level 2 in Conjurations
  1181 | D:2      | Reached skill level 4 in Alchemy
  1181 | D:2      | Reached XP level 4. HP: 2/27 MP: 0/8
  1492 | D:2      | Found Dutri's Jewellery Shop.
  1555 | D:3      | HP: 1/27 [adder (3)]
  1557 | D:3      | Succumbed to an adder's poison

Illustrated notes

Levels and vault maps discovered:
D:1:      amcnicky_arrival_feature_with_door, layout_basic, st_stairs_1
D:2:      layout_rooms, serial_shops, nicolae_shop_peninsula
D:3:      layout_basic, dreamdust_princess_bridge, chequers_decorated_corner

Skill      XL: |  1  2  3 |
---------------+----------+-----
Conjurations   | 2 |  2.3
Alchemy        | 4 |  4.1
Dodging        | |  2.0
Stealth        | |  2.6
Spellcasting   | |  2.8

Action                     |  1- 3 |  4- 6 || total
---------------------------+-------+-------++-------
  Melee: Unarmed           |    53 |     7 ||    60
         Tentacles         |    12 |     1 ||    13
         Constrict         |    13 |     2 ||    15
   Cast: Sting             |    48 |     9 ||    57
   Stab: Sleeping          |     1 |     1 ||     2
 Armour: Skin              |    38 |    13 ||    51
  Dodge: Dodged            |    51 |    10 ||    61

Table legend: (Time is in decaauts)
 A = Elapsed time spent in this place.
 B = Non-inter-level travel time spent in this place.
 C = Inter-level travel time spent in this place.
 D = Time resting spent in this place.
 E = Time spent auto-exploring this place.
 F = Levels seen in this place.
 G = Mean time per level.
                   A        B        C        D        E       F      G
               +--------+--------+--------+--------+--------+-----+--------+
         Total |   1556 |   1492 |     64 |    223 |    978 |   3 |  518.7 |
       Dungeon |   1556 |   1492 |     64 |    223 |    978 |   3 |  518.7 |
               +--------+--------+--------+--------+--------+-----+--------+

Top non-repeatable levels by time:
     D:1: 910 daAuts
     D:2: 632 daAuts
     D:3: 13 daAuts
